 Dungeon Crawl Stone Soup version 0.31.0-12-g77e489cdc1 (webtiles) character file.

Game seed: 5739410447009503563

110 Silvore the Trooper (level 4, -2/41 HPs)
             Began as a Minotaur Fighter on Feb 27, 2024.
             Was a Follower of Uskayaw.
             Slain by an orc priest
             ... wielding a +0 club
              (3 damage)
             ... on level 3 of the Dungeon.
             The game lasted 00:02:01 (1541 turns).

Silvore the Trooper (Minotaur Fighter)              Turns: 1541, Time: 00:02:02

Health: -2/41      AC:  7    Str: 23    XL:     4   Next: 61%
Magic:  3/3        EV: 10    Int:  5    God:    Uskayaw [*.....]
Gold:   74         SH:  4    Dex:  9    Spells: 3/3 levels left

rFire   . . .        a - +0 flail (freeze)
rCold   . . .        c - +0 buckler
rNeg    . . .        b - +0 scale mail
rPois   .            (helmet restricted)
rElec   .            (no cloak)
rCorr   .            (no gloves)
SInv    .            (no boots)
Will    .....        (no amulet) Stlth
                     (no ring)
HPRegen 0.26/turn    (no ring)
MPRegen 0.08/turn

%: no passive effects
@: no status effects
A: horns 2, retaliatory headbutt
a: Renounce Religion, Stomp


You were on level 3 of the Dungeon.
You worshipped Uskayaw.
Uskayaw was noncommittal.
You visited 1 branch of the dungeon, and saw 3 of its levels.

You collected 74 gold pieces.

Inventory:

Hand Weapons
 a - a +0 flail of freezing (weapon)
Armour
 b - a +0 scale mail (worn)
 c - a +0 buckler (worn)
Jewellery
 e - a ring of protection from cold
Potions
 d - 2 potions of might
 f - a potion of degeneration {unknown}
 g - a potion of enlightenment {unknown}
 h - 2 potions of heal wounds {unknown}


   Skills:
 + Level 4.6 Fighting
 + Level 3.9 Maces & Flails
 + Level 4.2 Armour
 + Level 1.2 Dodging
 + Level 4.0 Shields


You had 3 spell levels left.
You didn't know any spells.
Your spell library contained the following spells:

 Spells                   Type           Power      Damage    Failure   Level
 Inner Flame              Hex/Fire       0%         N/A       99%         3
 Flame Wave               Conj/Fire      0%         2d4       100%        4
 Sticky Flame             Fire/Alch      0%         2d4       100%        4


Dungeon Overview and Level Annotations

Branches:
Dungeon (3/15)

Altars:
Uskayaw


Innate Abilities, Weirdness & Mutations

You have a pair of horns on your head.
You reflexively headbutt those who attack you in melee.


Message History

The orc shoots an arrow.
You block the arrow. The orc barely misses you.
The orc hits you but does no damage. The orc hits you with a +0 mace.
* * * LOW HITPOINT WARNING * * *
The orc priest mumbles some strange prayers to Beogh against you.
You barely resist. The orc barely misses you. You furiously retaliate!
You headbutt the orc!
You kill the orc!
The orc unwields a +0 orcbow.
The orc wields a +0 club.
The orc hits you but does no damage. The orc barely misses you.
An orc comes into view. It is wielding a +0 hand axe.
The orc hits you with a +0 hand axe.
* * * LOW HITPOINT WARNING * * *
The orc misses you.
The orc shouts!
The orc priest looks braver for a moment.
You block the orc's attack.
An orc comes into view. It is wielding a +0 hand axe.
The orc barely misses you. The orc hits you with a +0 club.
* * * LOW HITPOINT WARNING * * *
The orc shouts!
An orc comes into view. It is wielding a +0 dagger.
You block the orc priest's attack. The orc barely misses you.
The orc hits you but does no damage. You block the orc priest's attack.
The orc hits you but does no damage. The orc closely misses you.
You block the orc priest's attack.
An orc comes into view. It is wielding a +0 short sword.
The orc hits you but does no damage. The orc hits you with a +0 club.
* * * LOW HITPOINT WARNING * * *
The orc shouts!
The orc priest looks braver for a moment.
The orc hits you with a +0 hand axe.
* * * LOW HITPOINT WARNING * * *
The orc hits you but does no damage. The orc priest hits you with a +0 club.
* * * LOW HITPOINT WARNING * * *
The orc barely misses you. The orc hits you but does no damage.
The orc priest hits you with a +0 club.
You die...

........≈≈≈≈≈≈≈.#
...........~....#
................#
.......##'...#..#
....... #.#..# .
.......##.##.#
..#.......# .#
..#.......# #
#..oo@..#
#..ooo..#
#..o...##
#......#
........#
..o......+
.........#
.........#


You could see an orc priest and 6 orcs.

Vanquished Creatures
  Jessica (D:2)
  2 adders (D:2)
  4 dart slugs
  An orc (D:3)
  6 endoplasms
  A giant cockroach (D:1)
  8 goblins
  5 hobgoblins
  5 jackals (D:1)
  5 kobolds
  A quokka (D:2)
  6 ball pythons
  3 bats
  A frilled lizard (D:2)
  5 rats
54 creatures vanquished.

Notes
Turn   | Place    | Note
-------+----------+-------------------------------------------
     0 | D:1      | Silvore the Minotaur Fighter began the quest for the Orb.
     0 | D:1      | Reached XP level 1. HP: 19/19 MP: 0/0
   301 | D:1      | Reached XP level 2. HP: 27/27 MP: 1/1
   496 | D:1      | Reached XP level 3. HP: 33/33 MP: 2/2
   930 | D:2      | Noticed Jessica
   934 | D:2      | Killed Jessica
   935 | D:2      | Reached skill level 1 in Dodging
   935 | D:2      | Reached XP level 4. HP: 32/41 MP: 3/3
  1404 | D:2      | Found a faded altar of an unknown god.
  1413 | D:2      | Prayed at the altar of an unknown god.
  1413 | D:2      | Became a worshipper of Uskayaw the Reveller
  1413 | D:2      | Reached * piety under Uskayaw
  1540 | D:3      | HP: 1/41 [orc priest/+0 club (4)]
  1541 | D:3      | Slain by an orc priest

Illustrated notes

Levels and vault maps discovered:
D:1:      minmay_arrival_widening_spiral_narrow, layout_rooms, serial_forest,
          infiniplex_forest_lined_2, infiniplex_forest_end_3,
          infiniplex_forest_lined_room_2, infiniplex_forest_zigzag_1,
          infiniplex_forest_corner_1, infiniplex_forest_clump_long,
          infiniplex_forest_lined_3, infiniplex_forest_zigzag_1,
          infiniplex_forest_straight_2
D:2:      layout_loops_ring, shapermc_ecumenical_altar_pompeii,
          chequers_serial_rivers_marsh, st_stairs_14, uniq_jessica
D:3:      layout_basic, serial_rivers, chequers_serial_rivers_room_a,
          chequers_serial_rivers_micro_b, chequers_serial_rivers_micro_e,
          chequers_serial_rivers_large_a, chequers_serial_rivers_micro_c,
          chequers_serial_rivers_micro_c

Skill      XL: |  1  2  3 |
---------------+----------+-----
Fighting       | 4 |  4.6
Armour         | 4 |  4.2
Shields        | 4 |  4.0
Maces & Flails | 3 |  3.9
Dodging        | 1 |  1.2

Action                     |  1- 3 |  4- 6 || total
---------------------------+-------+-------++-------
  Melee: Flail             |    79 |    15 ||    94
         Headbutt          |    13 |     2 ||    15
    Use: Scroll            |     3 |       ||     3
 Armour: Scale mail        |    67 |    36 ||   103
  Dodge: Dodged            |    53 |    30 ||    83
  Block: Buckler           |    27 |    11 ||    38
